 Dungeon Crawl Stone Soup version 0.32-a0-898-g7811c86cf0 (webtiles) character file.

Game seed: 11507992423160930449

373 BubbleThief the Sneak (level 6, -6/41 HPs)
             Began as a Vampire Enchanter on Apr 4, 2024.
             Mangled by a crocodile (12 damage)
             ... in a sewer.
             The game lasted 00:05:53 (2287 turns).

BubbleThief the Sneak (Vampire Enchanter)           Turns: 2287, Time: 00:05:54

Health: -6/41      AC:  7    Str:  7    XL:     6   Next: 43%
Magic:  1/9        EV: 12    Int: 17    God:
Gold:   109        SH:  0    Dex: 20    Spells: 4/9 levels left

rFire   . . .        g - +4 rapier of the Dungeon {freeze, Dex+3 Stlth+}
rCold   . . .        (no shield)
rNeg    . . .        b - +0 robe
rPois   .            p - +2 helmet
rElec   .            (no cloak)
rCorr   .            (no gloves)
SInv    +            n - +1 pair of boots
Will    .....        (no amulet)
Stlth   +++++        d - ring of wizardry
HPRegen 0.46/turn    (no ring)
MPRegen 0.11/turn

%: wizardry (x1)
@: brilliant, healing quickly
A: alive, fangs 3, see invisible, vampiric 2
a: Exsanguinate


You were in a sewer.
You visited 1 branch of the dungeon, and saw 4 of its levels.
You also visited: Sewer.

You collected 109 gold pieces.

Inventory:

Hand Weapons
 a - a +1 dagger
 g - the +4 rapier of the Dungeon (weapon) {freeze, Dex+3 Stlth+}
   (You found it on level 2 of the Dungeon)

   Dex+3:     It affects your dexterity (+3).
   Stlth+:    It makes you more stealthy.
Armour
 b - a +0 robe (worn)
 n - a +1 pair of boots (worn)
 p - a +2 helmet (worn)
Jewellery
 d - a ring of wizardry (left hand)
 h - a ring of ice
Wands
 s - a wand of polymorph (3)
Scrolls
 f - 2 scrolls of identify
 l - a scroll of fear
 m - a scroll of amnesia
 r - a scroll of teleportation
Potions
 c - 2 potions of invisibility
 e - a potion of brilliance
 i - a potion of mutation {unknown}
 j - a potion of haste {unknown}
 k - a potion of curing {unknown}
 o - a potion of degeneration {unknown}
 q - a potion of lignification {unknown}


   Skills:
 + Level 3.8 Short Blades
 + Level 2.8 Dodging
 + Level 7.4 Stealth
 - Level 2.0 Spellcasting
 + Level 7.0 Hexes


You had 4 spell levels left.
You knew the following spells:

 Your Spells              Type           Power      Damage    Failure   Level
a - Ensorcelled Hibernat  Hex/Ice        40%        N/A       2%          2
b - Confusing Touch       Hex            38%        N/A       1%          3

Your spell library contained the following spells:

 Spells                   Type           Power      Damage    Failure   Level
 Jinxbite                 Hex            76%        N/A       1%          2
 Tukima's Dance           Hex            38%        N/A       1%          3
 Dazzling Flash           Conj/Hex       40%        N/A       6%          3
 Apportation              Tloc           4%         N/A       8%          1
 Alistair's Intoxication  Alch           1%         N/A       88%         5


Dungeon Overview and Level Annotations

Branches:
Dungeon (4/15)              Sewer (1/1)
 Temple: D:4-7

Altars:
Xom


Innate Abilities, Weirdness & Mutations

Your natural rate of healing is accelerated.
You have razor-sharp teeth.
You have supernaturally acute eyesight. (SInv)
You are afflicted with vampirism and can become a bat while bloodless.


Message History

Casting: Ensorcelled Hibernation (safe; 2% risk of failure)
Confirm with . or Enter, or press ? or * to list all spells.
Aiming: Ensorcelled Hibernation (safe; 2% risk of failure)
Press: ? - help, Shift-Dir - straight line, f/p - crocodile
Aim: a crocodile (chance to affect: 47%)
The crocodile resists with some effort.
The rat squeaks loudly.
The crocodile bites you but does no damage.
Unknown command.
Okay, then.
Saving game... please wait.
Welcome back, BubbleThief the Vampire Enchanter.
Press ? for a list of commands and other information.
Unknown command.
The crocodile attacks as it pursues you!
The crocodile bites you. The crocodile drags you backwards!
You see here a rat corpse.
You puncture the crocodile!
The crocodile seems to slow down.
You freeze the crocodile.
The crocodile is moderately wounded.
The crocodile bites you!
* * * LOW HITPOINT WARNING * * *
The rat twitches its whiskers.
The crocodile attacks as it pursues you!
The crocodile bites you!
* * * LOW HITPOINT WARNING * * *
The crocodile drags you backwards!
You see here a rat corpse.
The crocodile is no longer moving slowly.
Okay, then.
It was a potion of brilliance.
You feel clever all of a sudden.
Cast which spell? (? or * to list)
Aiming: Ensorcelled Hibernation (safe; 2% risk of failure)
Press: ? - help, Shift-Dir - straight line, f - crocodile
Aim: a crocodile (moderately wounded, chance to affect: 52%)
You feel a surge of power!
The crocodile resists with significant effort.
The crocodile bites you!
You die...

###################
#∩∩~~~~@lr.rr.....#
###~~~.########~..#
##~.## ~.... ####
####


You could see a crocodile and 3 rats.

Vanquished Creatures
  A water moccasin (D:3)
  An orc priest (D:4)
  Terence (D:2)
  An orc wizard (D:4)
  4 river rats (D:4)
  6 adders
  A dart slug (D:2)
  3 ribbon worms
  8 orcs
  7 bats
  11 endoplasms
  4 giant cockroaches
  8 goblins
  7 hobgoblins
  A jackal (D:3)
  A quokka (D:2)
  5 ball pythons
  5 frilled lizards
  6 kobolds
  10 rats
91 creatures vanquished.

Notes
Turn   | Place    | Note
-------+----------+-------------------------------------------
     0 | D:1      | BubbleThief the Vampire Enchanter began the quest for the
                  | Orb.
     0 | D:1      | Reached XP level 1. HP: 13/13 MP: 3/3
   111 | D:2      | Reached XP level 2. HP: 14/19 MP: 5/5
   122 | D:2      | Learned a level 2 spell: Ensorcelled Hibernation
   126 | D:2      | Noticed Terence
   135 | D:2      | Killed Terence
   136 | D:2      | Reached skill level 5 in Stealth
   136 | D:2      | Reached skill level 5 in Hexes
   136 | D:2      | Gained mutation: You are afflicted with vampirism and can
                  | become a bat while bloodless. [Vampire growth]
   136 | D:2      | Reached XP level 3. HP: 12/24 MP: 3/6
   213 | D:2      | Identified the +4 rapier of the Dungeon {freeze, Dex+3
                  | Stlth+}
   233 | D:2      | Learned a level 3 spell: Confusing Touch
   424 | D:2      | Reached XP level 4. HP: 30/30 MP: 7/7
   436 | D:2      | Found a shimmering altar of Xom.
  1398 | D:3      | Noticed a water moccasin
  1411 | D:3      | Killed a water moccasin
  1412 | D:3      | Reached XP level 5. HP: 35/35 MP: 8/8
  2181 | D:4      | Reached XP level 6. HP: 41/41 MP: 9/9
  2255 | D:4      | Found a glowing drain.
  2261 | Sewer    | Entered a sewer
  2287 | Sewer    | Mangled by a crocodile

Illustrated notes

Levels and vault maps discovered:
D:1:      kennysheep_arrival_seaside, layout_basic
D:2:      layout_loops_ring, basic_altar, corner_web_ring, chequers_arboretum,
          kennysheep_generic_room_13, uniq_terence
D:3:      minmay_diamond_boxcup, layout_basic
D:4:      nicolae_cairo_tiling_large, layout_gridville,
          nicolae_wu_jian_immortal_techniques, nicolae_overflow_crystal_walls,
          lightli_sewer_entry_pipes
Sewer:    sewer_sea

Skill      XL: |  1  2  3  4  5  6 |
---------------+-------------------+-----
Stealth        | 5 6 7 |  7.4
Hexes          | 5 6 7 |  7.0
Short Blades   | 2 3 |  3.8
Dodging        | |  2.8
Spellcasting   | |  2.0

Action                     |  1- 3 |  4- 6 || total
---------------------------+-------+-------++-------
  Melee: Dagger            |    44 |       ||    44
         Bite              |     9 |     6 ||    15
         Rapier            |    19 |   102 ||   121
   Cast: Ensorcelled Hiber |     6 |     5 ||    11
    Use: Scroll            |       |     4 ||     4
         Potion            |       |     1 ||     1
   Stab: Sleeping          |     7 |    37 ||    44
 Armour: Robe              |    32 |    36 ||    68
  Dodge: Dodged            |    31 |    40 ||    71

Table legend: (Time is in decaauts)
 A = Elapsed time spent in this place.
 B = Non-inter-level travel time spent in this place.
 C = Inter-level travel time spent in this place.
 D = Time resting spent in this place.
 E = Time spent auto-exploring this place.
 F = Levels seen in this place.
 G = Mean time per level.
                   A        B        C        D        E       F      G
               +--------+--------+--------+--------+--------+-----+--------+
         Total |   2312 |   2220 |     92 |      7 |   1504 |   5 |  462.4 |
       Dungeon |   2285 |   2193 |     92 |      7 |   1503 |   4 |  571.2 |
         Sewer |     27 |     27 |      0 |      0 |      1 |   1 |   27.0 |
               +--------+--------+--------+--------+--------+-----+--------+

Top non-repeatable levels by time:
     D:2: 803 daAuts
     D:3: 797 daAuts
     D:1: 503 daAuts
     D:4: 180 daAuts
   Sewer: 27 daAuts
